 Dungeon Crawl Stone Soup version 0.27-a0-1139-g28e009f8a6 (webtiles) character file.

Game seed: 17462445432989689239

232295 crabbyslav the Severer (level 19, -14/127 HPs)
             Began as a Gargoyle Fighter on May 8, 2021.
             Was the Champion of Okawaru.
             Killed from afar by a purple draconian (22 damage)
             ... with a bolt of dispelling energy
             ... in a wizard's laboratory.
             The game lasted 00:37:40 (35418 turns).

crabbyslav the Severer (Gargoyle Fighter)          Turns: 35418, Time: 00:37:41

Health: -14/127    AC: 38    Str: 23    XL:     19   Next: 53%
Magic:  26/26      EV:  7    Int:  7    God:    Okawaru [******]
Gold:   4278       SH: 36    Dex: 12    Spells: 18/18 levels left

rFire    + . .     SeeInvis .   C - +9 broad axe (vorpal)
rCold    . . .     Faith    .   b - +10 tower shield of Ignorance {rN+ Int-4}
rNeg     + + +     Spirit   .   m - +2 chain mail {rPois}
rPois    ∞         Reflect  +   (no helmet)
rElec    +         Harm     .   w - +0 cloak
rCorr    +         Rampage  .   n - +1 pair of gloves {Dex+3}
Will     ++...                  k - +2 pair of boots {Stlth+}
Stlth    ..........             K - amulet of Istremebb {Reflect rCorr Str-2 Int+4 SH+5}
HPRegen  0.31/turn              M - ring of Fun {*Slow rElec rF+ rN++ Int-5}
MPRegen  0.20/turn              x - ring of willpower

@: flying
A: sickness immunity, AC +14, big wings, negative energy resistance 1,
electricity resistance, torment resistance 1, unbreathing 1, petrification
resistance
}: 1/15 runes: gossamer
a: Renounce Religion, Heroism, Finesse


You were in a wizard's laboratory.
You worshipped Okawaru.
Okawaru was exalted by your worship.
You visited 7 branches of the dungeon, and saw 33 of its levels.
You also visited: Bailey, Gauntlet and Wizlab.

You collected 4278 gold pieces.

Inventory:

Hand Weapons
 C - a +9 vorpal broad axe (weapon)
 S - a +2 broad axe of holy wrath
Missiles
 E - 11 curare-tipped darts
Armour
 b - the +10 tower shield of Ignorance (worn) {rN+ Int-4}
   (You found it on level 1 of the Orcish Mines)

   It affects your intelligence (-4).
   It protects you from negative energy.
 k - a +2 pair of boots of stealth (worn)
 m - a +2 chain mail of poison resistance (worn)
 n - a +1 pair of gloves of dexterity (worn)
 w - a +0 cloak (worn)
Jewellery
 d - a ring of see invisible
 f - a +4 ring of protection
 o - a ring of positive energy
 x - a ring of willpower (right hand)
 K - the amulet of Istremebb (around neck) {Reflect rCorr Str-2 Int+4 SH+5}
   (You found it in a Gauntlet)

   [amulet of reflection]

   It reflects blocked missile attacks.
   It affects your strength (-2).
   It affects your intelligence (+4).
   It protects you from acid and corrosion.
   It affects your SH (+5).
 M - the ring of Fun (left hand) {*Slow rElec rF+ rN++ Int-5}
   (You found it on level 4 of the Spider Nest)

   [ring of protection from fire]

   It affects your intelligence (-5).
   It protects you from fire.
   It insulates you from electricity.
   It greatly protects you from negative energy.
   It may slow you when you take damage.
Wands
 a - a wand of acid (3) (quivered)
 G - a wand of paralysis (17)
 I - a wand of flame (18)
 N - a wand of digging (18)
Scrolls
 c - a scroll of fog
 g - 11 scrolls of identify
 i - 2 scrolls of brand weapon
 p - 2 scrolls of magic mapping
 y - a scroll of blinking
 A - 2 scrolls of enchant armour
 R - a scroll of silence
Potions
 e - 8 potions of curing
 l - 7 potions of brilliance
 t - 2 potions of mutation
 u - a potion of cancellation
 v - a potion of lignification
 z - 13 potions of ambrosia
 F - a potion of resistance
 H - 2 potions of invisibility
 J - 5 potions of haste
Miscellaneous
 r - a condenser vane
 s - a piece from Xom's chessboard (15/15)
 L - a tin of tremorstones (2/2)
 O - a phantom mirror


   Skills:
 + Level 16.7 Fighting
 - Level 18.0 Axes
 + Level 16.7 Armour
 + Level 16.7 Shields
 - Level 10.0 Invocations


You had 18 spell levels left.
You didn't know any spells.
Your spell library contained the following spells:

 Spells                   Type           Power      Damage    Failure   Level
 Apportation              Tloc           0%         N/A       99%         1
 Corona                   Hex            0%         N/A       99%         1
 Pain                     Necr           0%         1d4       99%         1
 Summon Small Mammal      Summ           0%         N/A       99%         1
 Call Imp                 Summ           0%         N/A       100%        2
 Slow                     Hex            0%         N/A       100%        2
 Call Canine Familiar     Summ           0%         N/A       100%        3
 Confusing Touch          Hex            0%         N/A       100%        3
 Gell's Gravitas          Tloc           0%         N/A       100%        3
 Inner Flame              Hex/Fire       0%         N/A       100%        3
 Lesser Beckoning         Tloc           0%         N/A       100%        3
 Portal Projectile        Hex/Tloc       0%         N/A       100%        3
 Summon Guardian Golem    Hex/Summ       0%         N/A       100%        3
 Tukima's Dance           Hex            0%         N/A       100%        3
 Animate Armour           Summ/Erth      0%         N/A       100%        4
 Cause Fear               Hex            0%         N/A       100%        4
 Ice Form                 Ice/Tmut       0%         N/A       100%        4
 Leda's Liquefaction      Hex/Erth       0%         N/A       100%        4
 Petrify                  Tmut/Erth      0%         N/A       100%        4
 Summon Ice Beast         Ice/Summ       0%         N/A       100%        4
 Summon Lightning Spire   Summ/Air       0%         N/A       100%        4
 Alistair's Intoxication  Tmut/Pois      0%         N/A       100%        5
 Bolt of Magma            Conj/Fire/Erth 0%         4d4       100%        5
 Excruciating Wounds      Necr           0%         N/A       100%        5
 Metabolic Englaciation   Hex/Ice        0%         N/A       100%        5
 Silence                  Hex/Air        0%         N/A       100%        5
 Yara's Violent Unravell  Hex/Tmut       0%         3d3       100%        5
 Death Channel            Necr           0%         N/A       100%        6
 Dispersal                Tloc           0%         N/A       100%        6
 Freezing Cloud           Conj/Ice/Air   0%         6-21      100%        6
 Invisibility             Hex            0%         N/A       100%        6
 Iron Shot                Conj/Erth      0%         9d1       100%        6
 Simulacrum               Ice/Necr       0%         N/A       100%        6
 Ozocubu's Refrigeration  Ice            0%         4d5       100%        7
 Discord                  Hex            0%         N/A       100%        8
 Shatter                  Erth           0%         3d5*      100%        9
 Statue Form              Tmut/Erth      Unusable   N/A       N/A         6

Dungeon Overview and Level Annotations

Branches:
Dungeon (15/15)            Temple (1/1) D:4            Lair (6/6) D:11
  Swamp (4/4) Lair:2       Spider (4/4) Lair:4        Slime (0/5) Lair:6
    Orc (2/2) D:10         Vaults (1/5) D:13         Depths (0/5) D:15
 Bailey (visited)          WizLab (1/1)             Gauntlet (visited)
    Elf: Orc:2

Altars:
Ashenzari
Cheibriados
Dithmenos
Elyvilon
Hepliaklqana
Kikubaaqudgha
Makhleb
Nemelex Xobeh
Okawaru
Qazlal
Ru
Trog
Uskayaw
Vehumet
Xom
Yredelemnul
Zin
The Shining One
Beogh

Shops:
D:5 *   D:7 *   Orc:1 [

Annotations:
Lair:2 exclusion: oklob plant
Lair:5 2 transporters, Pegreged's ghost, journeyman OpVM
Orc:1 1 runed translucent door, exclusion: 4 orange crystal statues


Innate Abilities, Weirdness & Mutations

You are immune to sickness and miasma.
Your stone body is resilient. (AC +14)
You are immune to poison.
Your large and strong wings let you fly.
You resist negative energy. (rN+)
You are resistant to electric shocks. (rElec)
You are resistant to unholy torment.
You can survive without breathing.
You are immune to petrification.


Message History

The purple draconian resists with almost no effort. x2
The tengu conjurer looks frightened! x2; The battlesphere is unaffected. x3
The tengu conjurer gestures wildly while chanting.
The tengu conjurer blinks!
The tengu conjurer casts a spell.
The tengu conjurer blinks!
The tengu conjurer gestures wildly while chanting.
The tengu conjurer blinks!
The tengu conjurer casts a spell.
The tengu conjurer blinks!
The tengu conjurer gestures wildly while chanting.
The tengu conjurer blinks!
The tengu conjurer mumbles some strange words.
The tengu conjurer blinks!
The tengu conjurer casts a spell.
The tengu conjurer blinks!
The tengu conjurer gestures wildly while chanting.
The tengu conjurer blinks!
The tengu conjurer gestures wildly while chanting.
The tengu conjurer blinks!
A tengu conjurer comes into view.
The tengu conjurer gestures wildly while chanting.
The tengu conjurer blinks!
The tengu conjurer casts a spell.
The tengu conjurer blinks!
The tengu conjurer gestures wildly while chanting.
The tengu conjurer blinks!
The tengu conjurer gestures wildly while chanting.
The tengu conjurer blinks!
The purple draconian breathes dispelling energy at you.
The bolt of dispelling energy hits you!
* * * LOW HITPOINT WARNING * * *
You block the purple draconian's attack.
The tengu conjurer casts a spell.
The tengu conjurer blinks!
The tengu conjurer mumbles some strange words.
The tengu conjurer blinks!
The purple draconian breathes dispelling energy at you.
The bolt of dispelling energy hits you!!
You die...

.#.Q§.....###.##
##....Q.Q...#.#.#
.#....*.....#.#
#..§.§.......##
.##§........*.#.
#.§§§§.d..*.§...
#.§....*......
#§§..d....d..§
#§§.@.......§.
#.###.#........
#§ #§#.#.#.#.#.#
##§.#.#.#.#.#.#§
##############


You could see 3 draconians, 2 tengu conjurers and 4 battlespheres.

Vanquished Creatures
  A thorn hunter (Swamp:1)
  Kirke (Spider:2)
  A vault warden (Vaults:1)
  An orc warlord (Orc:2)
  The ghost of Gieth the Carver, a journeyman DsFi of Okawaru (Spider:4)
  5 emperor scorpions
  6 ghost moths
  A ghoul (Swamp:1)
  A war gargoyle (Vaults:1)
  5 entropy weavers
  A dire elephant (Vaults:1)
  2 spark wasps
  A minotaur (Gauntlet)
  3 bunyips
  A statue (WizLab)
  An ettin (D:15)
  4 eleionomae (Swamp:2)
  2 crystal guardians (Vaults:1)
  Snorg (Lair:3)
  A fire dragon (D:10)
  Fannar (Lair:3)
  A great orb of eyes (Gauntlet)
  15 hydras
  A peacekeeper (Vaults:1)
  7 boulder beetles
  4 ghost crabs
  An ogre mage (D:12)
  A spriggan air mage (Swamp:4)
  A vault guard (Vaults:1)
  An ironbound frostheart (Vaults:1)
  5 catoblepae
  A death knight (D:15)
  3 centaur warriors
  11 death yaks (Lair:6)
  A tengu warrior (D:15)
  6 two-headed ogres
  8 alligators
  An orc high priest (Orc:2)
  2 thrashing horrors (Gauntlet)
  An ironbound beastmaster (Vaults:1)
  A skeletal warrior (D:13)
  A death drake (Swamp:4)
  2 spriggan druids
  8 swamp dragons
  A deep troll (D:15)
  7 goliath frogs
  An obsidian statue (D:13)
  4 wizards
  7 bog bodies
  2 deep elf zephyrmancers (D:13)
  2 phantasmal warriors (D:15)
  A deep elf archer (D:13)
  7 orc knights
  A deep elf pyromancer (D:13)
  Pikel (D:5)
  7 ugly things
  41 wolf spiders
  6 cyclopes
  3 orc sorcerers (Orc:2)
  24 orb spiders
  6 manticores
  11 will-o-the-wisps
  3 moths of wrath
  23 elephants
  2 vault sentinels (Vaults:1)
  3 torpor snails
  2 ice statues
  11 black mambas
  A gargoyle (D:12)
  9 cane toads
  A rime drake (shapeshifter) (D:15)
  2 unseen horrors
  Maggie (D:6)
  9 rime drakes
  2 yaktaurs (D:13)
  18 demonic crawlers
  An efreet (D:13)
  7 komodo dragons
  A tengu conjurer (D:13)
  40 jumping spiders
  3 meliai (Lair:4)
  11 trolls
  2 polar bears
  A queen bee (Lair:4)
  Prince Ribbit (D:8)
  7 tyrant leeches
  25 blink frogs (Lair:6)
  17 hornets
  4 dream sheep (Lair:6)
  16 slime creatures
  67 redbacks
  9 spriggans
  2 vampires
  4 wraiths
  2 shadows
  6 wyverns
  7 water elementals
  3 hogs (Spider:2)
  41 tarantellas
  A steam dragon (D:6)
  76 yaks
  3 basilisks
  6 vampire mosquitoes
  A warg (Orc:2)
  6 swamp worms
  An acid dragon (D:11)
  Edmund (D:6)
  Menkaure (D:7)
  20 water moccasins
  6 swamp drakes
  4 black bears
  44 orc warriors
  Duvessa (D:5)
  6 ice beasts
  3 necrophages
  5 ogres
  11 wolves
  11 centaurs
  Blork the orc (D:5)
  11 bullfrogs
  2 kobold brigands
  A wyvern zombie (D:8)
  4 small abominations (Gauntlet)
  Dowan (D:5)
  2 scorpions
  A wyvern skeleton (D:5)
  A water moccasin skeleton (D:5)
  28 killer bees
  12 wights
  2 howler monkeys
  10 electric eels
  3 centaur zombies
  Crazy Yiuf (D:6)
  A bullfrog zombie (D:6)
  A gnoll shaman (D:4)
  3 hounds
  6 jellies
  22 orc priests
  A bullfrog skeleton (D:5)
  5 centaur skeletons
  4 iguanas
  16 orc wizards
  A hound skeleton (D:5)
  A howler monkey zombie (D:7)
  6 gnolls
  7 adders
  A howler monkey simulacrum (D:9)
  5 white imps
  An ufetubus (D:9)
  2 worms
  3 dart slugs
  79 orcs
  11 ball pythons
  7 endoplasms
  3 giant cockroaches
  9 goblins
  8 hobgoblins
  5 jackals
  7 quokkas
  6 bats
  2 frilled lizards (D:3)
  27 kobolds
  2 rats
1159 creatures vanquished.

Vanquished Creatures (collateral kills)
  A hydra (Swamp:3)
1 creature vanquished.

Vanquished Creatures (others)
  An eleionoma (Swamp:1)
  4 bloated husks
  A jumping spider (Spider:1)
  A tyrant leech (Swamp:2)
  A swamp worm (Swamp:4)
  2 demonic plants (Gauntlet)
  51 foxfires
  33 fungi
  62 plants
  37 withered plants (Swamp:1)
193 creatures vanquished.

Grand Total: 1353 creatures vanquished

Notes
Turn   | Place    | Note
-------+----------+-------------------------------------------
     0 | D:1      | crabbyslav the Gargoyle Fighter began the quest for the
                  | Orb.
     0 | D:1      | Reached XP level 1. HP: 14/14 MP: 1/1
    60 | D:1      | Reached skill level 2 in Axes
    61 | D:1      | Reached XP level 2. HP: 14/19 MP: 2/2
   491 | D:1      | Found a faded altar of an unknown god.
   515 | D:1      | Reached XP level 3. HP: 22/23 MP: 3/3
  1141 | D:2      | Reached XP level 4. HP: 23/29 MP: 4/4
  1691 | D:3      | Reached skill level 3 in Axes
  2156 | D:4      | Noticed a black bear
  2168 | D:4      | Killed a black bear
  2169 | D:4      | Reached XP level 5. HP: 18/33 MP: 5/5
  2328 | D:4      | Reached XP level 6. HP: 29/39 MP: 6/6
  2428 | D:4      | Found a staircase to the Ecumenical Temple.
  2437 | Temple   | Entered the Ecumenical Temple
  2489 | Temple   | Became a worshipper of Warmaster Okawaru
  2766 | D:4      | Reached skill level 4 in Axes
  3244 | D:5      | Entered Level 5 of the Dungeon
  3249 | D:5      | Reached skill level 1 in Invocations
  3502 | D:4      | Reached XP level 7. HP: 34/44 MP: 7/7
  3626 | D:5      | Found Jyskora's Assorted Antiques.
  3870 | D:5      | Noticed Duvessa
  3871 | D:5      | Noticed Dowan
  3909 | D:5      | Killed Duvessa
  3909 | D:5      | Reached * piety under Okawaru
  3917 | D:5      | Killed Dowan
  3918 | D:5      | Reached skill level 5 in Fighting
  3918 | D:5      | Reached skill level 5 in Armour
  3918 | D:5      | Reached skill level 5 in Shields
  4310 | D:5      | Reached skill level 5 in Axes
  4681 | D:5      | Reached XP level 8. HP: 49/49 MP: 9/9
  4761 | D:5      | Reached ** piety under Okawaru
  4806 | D:5      | Noticed Pikel
  4818 | D:5      | Killed Pikel
  4819 | D:5      | Reached skill level 6 in Axes
  4902 | D:5      | Noticed Blork the orc
  4924 | D:5      | Killed Blork the orc
  4925 | D:5      | Reached XP level 9. HP: 50/55 MP: 9/12
  5178 | D:6      | Noticed Maggie
  5195 | D:6      | HP: 2/56 [Maggie/bolt of fire (25)]
  5197 | D:6      | Killed Maggie
  5765 | D:6      | Noticed Edmund
  5815 | D:6      | Killed Edmund
  5816 | D:6      | Reached skill level 7 in Axes
  6034 | D:6      | Reached *** piety under Okawaru
  6110 | D:6      | Reached skill level 5 in Invocations
  6447 | D:6      | Reached XP level 10. HP: 51/63 MP: 14/14
  6586 | D:6      | Identified the Handbook of Dislocated Necromancy
  6624 | D:6      | Found a runed translucent door.
  6625 | D:6      | Noticed Crazy Yiuf
  6822 | D:6      | Killed Crazy Yiuf
  7067 | D:7      | Reached **** piety under Okawaru
  7068 | D:7      | Reached skill level 8 in Axes
  7097 | D:7      | Noticed Menkaure
  7111 | D:7      | Killed Menkaure
  7155 | D:7      | Found Aruxos's General Store.
  7211 | D:7      | Noticed a two-headed ogre
  7226 | D:7      | Killed a two-headed ogre
  7550 | D:8      | Reached ***** piety under Okawaru
  7616 | D:8      | Noticed Prince Ribbit
  7636 | D:8      | Reached skill level 9 in Axes
  7685 | D:8      | Reached XP level 11. HP: 38/68 MP: 16/16
  7861 | D:8      | Found a bloodstained altar of Trog.
  7883 | D:8      | Killed Prince Ribbit
  8213 | D:9      | Identified the +3 broad axe of Courage {venom, *Corrode
                  | Str+3 Int+4} (Okawaru gifted it to you on level 9 of the
                  | Dungeon)
  8213 | D:9      | Received a gift from Okawaru
  8679 | D:10     | Entered Level 10 of the Dungeon
  8782 | D:10     | Found a staircase to the Orcish Mines.
  8943 | D:10     | Noticed a boulder beetle
  8958 | D:10     | Killed a boulder beetle
  8959 | D:10     | Reached skill level 10 in Axes
  9105 | D:10     | Noticed a fire dragon
  9140 | D:10     | Killed a fire dragon
  9140 | D:10     | Received a gift from Okawaru
  9729 | D:11     | Reached XP level 12. HP: 76/76 MP: 18/18
  9758 | D:11     | Found a staircase to the Lair.
 10313 | Lair:1   | Entered Level 1 of the Lair of Beasts
 11112 | Lair:2   | Found a staircase to the Swamp.
 11348 | Lair:2   | Reached ****** piety under Okawaru
 11349 | Lair:2   | Reached skill level 11 in Axes
 11589 | Lair:3   | Found a radiant altar of Vehumet.
 11787 | Lair:3   | Noticed Fannar
 11805 | Lair:3   | Killed Fannar
 11805 | Lair:3   | Identified the +5 pair of boots "Janezx Axagg" {+Inv rF-
                  | rCorr Int+4} (Okawaru gifted it to you on level 3 of the
                  | Lair of Beasts)
 11805 | Lair:3   | Received a gift from Okawaru
 11806 | Lair:3   | Reached skill level 10 in Fighting
 11806 | Lair:3   | Reached skill level 10 in Shields
 12008 | Lair:3   | Noticed Snorg
 12029 | Lair:3   | Killed Snorg
 12030 | Lair:3   | Reached skill level 10 in Armour
 12463 | Lair:4   | Noticed a boulder beetle
 12470 | Lair:4   | Killed a boulder beetle
 12484 | Lair:4   | Reached XP level 13. HP: 69/82 MP: 19/19
 12679 | Lair:4   | Received a gift from Okawaru
 12680 | Lair:4   | Reached skill level 12 in Axes
 12823 | Lair:4   | Found a hole to the Spider Nest.
 13454 | Lair:4   | Reached skill level 10 in Invocations
 13938 | Lair:4   | Gained mutation: Your large and strong wings let you fly.
                  | [Gargoyle growth]
 13938 | Lair:4   | Reached XP level 14. HP: 46/90 MP: 21/21
 13993 | Lair:5   | Found a transporter.
 14109 | Lair:5   | Noticed Pegreged's ghost (journeyman OpVM)
 14128 | Lair:5   | Found a bloodstained altar of Trog.
 14129 | Lair:5   | Found a transporter.
 14384 | Lair:6   | Entered Level 6 of the Lair of Beasts
 14396 | Lair:6   | Identified the +7 war axe of Amorality {vorpal, +Rage rCorr
                  | SInv Stlth-} (Okawaru gifted it to you on level 6 of the
                  | Lair of Beasts)
 14396 | Lair:6   | Received a gift from Okawaru
 14403 | Lair:6   | Reached skill level 13 in Axes
 14631 | Lair:6   | Received a gift from Okawaru
 15147 | Lair:6   | Identified the +10 hand axe "Yde Ydgh" {protect, Str+6
                  | Dex+3} (Okawaru gifted it to you on level 6 of the Lair of
                  | Beasts)
 15147 | Lair:6   | Received a gift from Okawaru
 15219 | Lair:6   | Reached skill level 14 in Axes
 15234 | Lair:6   | Reached XP level 15. HP: 97/97 MP: 22/22
 15430 | Lair:6   | Found a staircase to the Slime Pits.
 15864 | D:12     | Found a flagged portal.
 15877 | D:12     | Identified the +5 hand axe of Outrage {vorpal, rElec rCorr
                  | Dex-2 Stlth+}
 15904 | Bailey   | Entered a bailey
 16544 | D:12     | Received a gift from Okawaru
 17370 | D:13     | Identified the +3 war axe of Reasonable Defence {drain,
                  | rN+} (Okawaru gifted it to you on level 13 of the Dungeon)
 17370 | D:13     | Received a gift from Okawaru
 17604 | D:13     | Found a gate to the Vaults.
 17605 | D:13     | You are sucked into a shaft and drop 1 floor!
 17605 | D:14     | Found a gate leading to a gauntlet.
 17655 | Gauntlet | Entered a Gauntlet
 17655 | Gauntlet | Found a transporter.
 17655 | Gauntlet | Found a transporter.
 17655 | Gauntlet | Found a transporter.
 17656 | Gauntlet | Found a transporter.
 17659 | Gauntlet | Found a transporter.
 17659 | Gauntlet | Found a transporter.
 17669 | Gauntlet | Found a transporter.
 17670 | Gauntlet | Noticed a balrug
 17673 | Gauntlet | Found a transporter.
 17689 | Gauntlet | Found a transporter.
 17689 | Gauntlet | Found a transporter.
 17707 | Gauntlet | Found a transporter.
 17711 | Gauntlet | Found a transporter.
 17936 | Gauntlet | Identified the +2 cloak of Complete Protection {-Tele Fly
                  | rElec}
 17953 | Gauntlet | Paralysed by a great orb of eyes for 4 turns
 17960 | Gauntlet | Reached skill level 15 in Axes
 17979 | Gauntlet | Identified the amulet of Istremebb {Reflect rCorr Str-2
                  | Int+4 SH+5}
 18018 | Gauntlet | Identified the +12 glaive of the Lost Blessings {flame,
                  | rC+}
 18212 | Gauntlet | Identified the +1 ring mail "Hoevah" {rCorr Str+4 SInv}
 18214 | Gauntlet | Identified the +0 leather armour of Space {rC+ Str+2}
 18676 | D:14     | Identified a scroll of acquirement
 18747 | D:14     | Reached XP level 16. HP: 57/104 MP: 23/23
 18784 | D:14     | Acquired 687 gold pieces
 19465 | D:14     | Received a gift from Okawaru
 19742 | D:15     | Entered Level 15 of the Dungeon
 20029 | D:15     | Found a staircase to the Depths.
 20561 | D:15     | Received a gift from Okawaru
 20581 | D:15     | Found an iron altar of Okawaru.
 21244 | Orc:1    | Entered Level 1 of the Orcish Mines
 21423 | Orc:1    | Found Ythisho's Antique Armour Emporium.
 21428 | Orc:1    | Found a runed translucent door.
 21565 | Orc:1    | Found the +10 tower shield of Ignorance {rN+ Int-4}
 21725 | Orc:1    | Found a runed translucent door.
 21857 | Orc:2    | Entered Level 2 of the Orcish Mines
 22581 | Orc:2    | Received a gift from Okawaru
 22606 | Orc:2    | HP: 5/105 [orc priest/divine providence (14)]
 23065 | Spider:1 | Entered Level 1 of the Spider Nest
 23227 | Spider:1 | Reached skill level 16 in Axes
 23737 | Spider:1 | Received a gift from Okawaru
 23792 | Spider:1 | Reached XP level 17. HP: 105/111 MP: 24/24
 24479 | Spider:2 | HP: 3/112 [tarantella (8)]
 25173 | Spider:2 | Noticed Kirke
 25193 | Spider:2 | Killed Kirke
 25193 | Spider:2 | Received a gift from Okawaru
 25207 | Spider:2 | Acquired the +9 executioner's axe "Gidd" {drain, Fly Str+3
                  | Int+2}
 26618 | Spider:3 | Reached skill level 17 in Axes
 27166 | Swamp:1  | Entered Level 1 of the Swamp
 27300 | Swamp:1  | Received a gift from Okawaru
 27657 | Swamp:1  | Reached skill level 15 in Fighting
 27682 | Swamp:1  | Reached skill level 15 in Shields
 27732 | Swamp:1  | HP: 1/113 [bog body/bolt of cold (8)]
 28327 | Swamp:1  | Reached skill level 15 in Armour
 28341 | Swamp:1  | Reached XP level 18. HP: 119/119 MP: 25/25
 30753 | Swamp:3  | Received a gift from Okawaru
 31658 | Swamp:4  | Entered Level 4 of the Swamp
 31851 | Swamp:4  | HP: 4/119 [19-headed hydra (2)]
 32420 | Spider:4 | Entered Level 4 of the Spider Nest
 32497 | Spider:4 | Received a gift from Okawaru
 32868 | Spider:4 | Found a runed translucent door.
 32868 | Spider:4 | Noticed Gieth's ghost (journeyman DsFi)
 32880 | Spider:4 | Reached skill level 18 in Axes
 33303 | Spider:4 | Received a gift from Okawaru
 33321 | Spider:4 | Reached XP level 19. HP: 69/125 MP: 3/26
 33931 | Spider:4 | Got a gossamer rune of Zot
 34050 | Spider:4 | Killed Gieth's ghost
 34057 | Spider:4 | Identified the ring of Fun {*Slow rElec rF+ rN++ Int-5}
 34447 | Swamp:4  | Received a gift from Okawaru
 35160 | Vaults:1 | Entered Level 1 of the Vaults
 35324 | Vaults:1 | Found a magical portal.
 35358 | WizLab   | Entered Iskenderun's Mystic Tower
 35418 | WizLab   | Killed from afar by a purple draconian

Illustrated notes

Levels and vault maps discovered:
D:1:      minmay_arrival_hallway, layout_basic,
          shapermc_ecumenical_altar_mp_urbaneastern, lemuel_another_geyser
D:2:      layout_rooms
D:3:      minmay_evil_eye, layout_loops_ring, grunt_decor_mini_mirrors
D:4:      layout_gridville, minmay_temple_entry_slanted
D:5:      layout_loops_cross, serial_shops, nicolae_shop_crystal, uniq_duvessa,
          uniq_blork_the_orc, uniq_pikel
D:6:      cheibrodos_two_vegetables, layout_cave_pods,
          chequers_serial_rivers_micro_e, uniq_edmund, uniq_crazy_yiuf_cottage,
          uniq_maggie
D:7:      layout_cave_pools, serial_shops,
          nicolae_shop_temple_entry_statues_fountains,
          small_statue_intersection, uniq_menkaure
D:8:      layout_rooms, amcnicky_altar_gilded, uniq_prince_ribbit1
D:9:      layout_gridville, serial_ice, serial_ice_o, serial_ice_a,
          serial_ice_g, serial_ice_k, serial_ice_f, serial_ice_d
D:10:     dragon1_lemuel, layout_long_grid, orc_0_dummy, nzn_sisyphean_effort
D:11:     layout_basic, lair_entry_dummy
D:12:     layout_basic, enter_bailey_2
D:13:     layout_loops_corners, hangedman_vaults_entry_quadrant_bands,
          minivault_16
D:14:     layout_roguey [special_room_orc], chequers_big_river,
          gauntlet_entry_generic, minivault_16
D:15:     hangedman_depths_entry_civil_slaughter, layout_basic,
          okawaru_ov_weapons_minmay
Temple:   compressed_dpeg_triangle_lava_temple
Lair:1:   layout_regular_city, grunt_megastairs_2
Lair:2:   layout_hall_layers, swamp_mist, minmay_lair_oklob_chamber
Lair:3:   layout_loops_ring, basic_altar, lemuel_fruit_fields, uniq_fannar,
          uniq_snorg
Lair:4:   layout_roguey [special_room_bee], nicolae_spider_entry_orb_guardian,
          kennysheep_catoblepas_arena
Lair:5:   layout_long_grid, gammafunk_ghost_wrathful_warriors,
          grunt_megastairs_3
Lair:6:   evilmike_catoblepas_cave, layout_regular_city,
          minmay_slime_entry_pillars, chequers_serial_rivers_marsh,
          chequers_serial_rivers_small_b, grunt_megastairs_4
Swamp:1:  layout_basic_swamp, evilmike_swamp_ruin_wall, st_shrine_of_shade
Swamp:2:  layout_basic_swamp, evilmike_swamp_ruin_house_5,
          infiniplex_staircase_pool
Swamp:3:  layout_basic_swamp, evilmike_swamp_ruin_house_4, roderic_carrion_pond
Swamp:4:  swamp, layout_basic_swamp, swamp_pool1
Spider:1: layout_spider_delve
Spider:2: layout_spider_delve, drop_trap, nicolae_spider_eight_legs,
          nicolae_spider_cling_halls, uniq_kirke
Spider:3: layout_spider_delve
Spider:4: grunt_spider_rune_parallel, gammafunk_ghost_grave,
          hangedman_spider_mandibles
Orc:1:    layout_caves, serial_shops, nicolae_shop_waterfront,
          hangedman_feature_mirror, chequers_guarded_unrand_ignorance
Orc:2:    st_orc_congregation, layout_caves,
          portal_ice_cave_entry_animals_and_master
Vaults:1: vaults_dpeg_spiral, st_star, v_alt_pattern_5,
          nicolae_vaults_what_the_h, nicolae_vaults_border_crossing,
          layout_vaults_omnigrid, portal_desolation_entry_ruin, serial_shops,
          nicolae_shop_trees, lightli_enter_wizlab_magi_temple
WizLab:   wizlab_iskenderun

Skill      XL: |  1  2  3  4  5  6  7  8  9 10 11 12 13 14 15 16 17 18 |
---------------+-------------------------------------------------------+-----
Axes           | 2 3 4 5 6 7 9 10 11 12 14 15 16 17 18 | 18.0
Fighting       | 4 5 6 7 8 9 10 11 12 13 14 15 16 | 16.7
Armour         | 4 5 6 7 8 9 10 11 12 13 14 15 16 | 16.7
Shields        | 4 5 6 7 8 9 10 11 12 13 14 15 16 | 16.7
Invocations    | 1 2 4 5 6 8 9 10 | 10.0

Action                   |  1- 3 |  4- 6 |  7- 9 | 10-12 | 13-15 | 16-18 | 19-21 || total
-------------------------+-------+-------+-------+-------+-------+-------+-------++-------
Melee: War axe           |   107 |   172 |   305 |       |   675 |    97 |       ||  1356
       Dire flail        |       |       |    20 |   372 |       |       |       ||   392
       Broad axe         |       |       |       |   285 |   337 |  1373 |   254 ||  2249
Throw: Boomerang         |       |       |       |     5 |       |       |       ||     5
       Dart              |       |       |       |       |     1 |       |       ||     1
Invok: Heroism           |       |       |     5 |     8 |    10 |    14 |     1 ||    38
       Finesse           |       |       |       |     2 |     1 |     5 |     2 ||    10
Evoke: Wand              |       |       |       |       |    19 |     9 |       ||    28
       Condenser vane    |       |       |       |       |       |     2 |       ||     2
       Phantom mirror    |       |       |       |       |       |     1 |       ||     1
  Use: Potion            |       |     2 |     4 |     1 |     3 |    11 |     3 ||    24
       Scroll            |       |       |     6 |     1 |    19 |    20 |     6 ||    52
 Stab: Paralysed         |       |       |       |       |    16 |       |       ||    16
       Confused          |       |       |       |       |       |       |     1 ||     1
Armor: Scale mail        |    71 |   104 |   129 |       |       |       |       ||   304
       Skin              |       |       |    10 |       |       |       |       ||    10
       Acid dragon scale |       |       |    47 |   571 |    66 |       |       ||   684
       Chain mail        |       |       |       |       |   640 |  1222 |   204 ||  2066
Dodge: Dodged            |    43 |    70 |   128 |   491 |   292 |   342 |    64 ||  1430
Block: Kite shield       |    70 |   107 |   213 |   219 |   722 |   213 |       ||  1544
       Reflection        |       |       |       |       |     6 |    24 |    13 ||    43
       Tower shield      |       |       |       |       |       |  2398 |   472 ||  2870

Table legend: (Time is in decaauts)
 A = Elapsed time spent in this place.
 B = Non-inter-level travel time spent in this place.
 C = Inter-level travel time spent in this place.
 D = Time resting spent in this place.
 E = Time spent auto-exploring this place.
 F = Levels seen in this place.
 G = Mean time per level.
                   A        B        C        D        E       F      G
               +--------+--------+--------+--------+--------+-----+--------+
         Total |  35424 |  33381 |   2043 |   5737 |  20543 |  36 |  984.0 |
       Dungeon |  15136 |  14438 |    698 |   2072 |   9349 |  15 | 1009.1 |
        Temple |     68 |     52 |     16 |      0 |     47 |   1 |   68.0 |
          Lair |   6231 |   5557 |    674 |    481 |   3851 |   6 | 1038.5 |
         Swamp |   5480 |   5236 |    244 |   1607 |   2790 |   4 | 1370.0 |
   Spider Nest |   5772 |   5534 |    238 |   1025 |   3172 |   4 | 1443.0 |
  Orcish Mines |   1637 |   1553 |     84 |    324 |    962 |   2 |  818.5 |
        Vaults |    189 |    101 |     88 |     44 |      0 |   1 |  189.0 |
        Bailey |    289 |    289 |      0 |      0 |    153 |   1 |  289.0 |
        Wizlab |     59 |     59 |      0 |      0 |     45 |   1 |   59.0 |
      Gauntlet |    558 |    558 |      0 |    184 |    173 |   1 |  558.0 |
               +--------+--------+--------+--------+--------+-----+--------+

Top non-repeatable levels by time:
Spider:3: 2050 daAuts
 Swamp:3: 2034 daAuts
     D:6: 1958 daAuts
 Swamp:1: 1574 daAuts
Spider:1: 1564 daAuts
    D:14: 1559 daAuts
     D:5: 1542 daAuts
     D:4: 1381 daAuts
    D:15: 1378 daAuts
  Lair:6: 1305 daAuts
 Swamp:2: 1260 daAuts
  Lair:4: 1240 daAuts
Spider:2: 1086 daAuts
Spider:4: 1070 daAuts
  Lair:2: 1029 daAuts
